[Event "Volga 2012"]
[Site "?"]
[Date "2013.01.03"]
[Round "2.4"]
[White "Samborskiy, Vadim."]
[Black "Tsai, Roman."]
[Result "1-0"]
[ECO "A84"]
[WhiteElo "2110"]
[BlackElo "1822"]
[PlyCount "43"]
[TimeControl "120+1"]

{168MB, fritz9.ctg, E39440001E4846E} 1. d4 e6 2. c4 f5 3. Nc3 c6 4. Nf3 Nf6 5.
Qc2 d5 6. c5 Nbd7 7. b4 Ne4 8. a4 Be7 9. Bf4 Ndf6 10. h3 O-O 11. e3 Nh5 12. Be5
Bf6 13. Be2 a6 14. g4 Bh4 15. Nxe4 fxe4 16. Nxh4 Qxh4 17. gxh5 Qxf2+ 18. Kd2
Rf5 19. Rhg1 Rxe5 20. dxe5 d4 21. Qxe4 dxe3+ 22. Qxe3 1-0

[Event "Volga 2012"]
[Site "?"]
[Date "2013.01.03"]
[Round "2.10"]
[White "Gabunov, Fail."]
[Black "Triapkin, Pavel."]
[Result "0-1"]
[ECO "E33"]
[WhiteElo "1826"]
[BlackElo "2305"]
[PlyCount "64"]
[TimeControl "120+1"]

{168MB, fritz9.ctg, E39440001E4846E} 1. d4 Nf6 2. c4 e6 3. Nc3 Bb4 4. Qc2 Nc6
5. Nf3 d5 6. e3 O-O 7. Bd3 Bd6 8. c5 Nb4 9. Qd1 Nxd3+ 10. Qxd3 Be7 11. b4 c6
12. O-O Nd7 13. a4 b6 14. Ba3 a5 15. Qc2 axb4 16. Bxb4 bxc5 17. dxc5 Ba6 18.
Rfd1 e5 19. a5 Rb8 20. Qa4 Qc7 21. Qa3 Bf6 22. Rac1 e4 23. Nd4 Ne5 24. Nxc6
Qxc6 25. Nxd5 Nd3 26. Nxf6+ Qxf6 27. Rxd3 exd3 28. c6 Rfc8 29. c7 Rb7 30. Be7
Rbxc7 31. Rxc7 Rxc7 32. Bxf6 d2 0-1